 Dungeon Crawl Stone Soup version 0.31-a0-8-gd14b0f4ee2 (webtiles) character file.

Game seed: 18194909982375227146

175 Kuronicle the Covered (level 5, -5/41 HPs)
             Began as a Human Fighter on May 5, 2023.
             Slain by a sleepcap (6 damage)
             ... on level 5 of the Dungeon on May 6, 2023.
             The game lasted 00:10:58 (3103 turns).

Kuronicle the Covered (Human Fighter)               Turns: 3103, Time: 00:10:59

Health: -5/41      AC:  9    Str: 18    XL:     5   Next: 85%
Magic:  5/5        EV:  9    Int:  9    God:
Gold:   243        SH:  4    Dex: 12    Spells: 4/4 levels left

rFire   . . .        g - +2 mace (heavy)
rCold   . . .        c - +0 buckler
rNeg    . . .        b - +0 scale mail
rPois   .            e - +1 helmet
rElec   .            (no cloak)
rCorr   .            (no gloves)
SInv    .            (no boots)
Will    .....        (no amulet) Stlth
                     (no ring)
HPRegen 0.26/turn    (no ring)
MPRegen 0.09/turn

%: no passive effects
@: mighty, lethally poisoned (-5 -> -16)
A: no striking features
a: no special abilities


You were on level 5 of the Dungeon.
You visited 1 branch of the dungeon, and saw 5 of its levels.

You collected 243 gold pieces.

Inventory:

Hand Weapons
 a - a +0 war axe
 g - a +2 heavy mace (weapon)
 j - the +1 mace "Diaprer" {freeze, rF- Dex+4}
   (You found it on level 4 of the Dungeon)

   Dex:       It affects your dexterity (+4).
   rF:        It makes you vulnerable to fire.
 l - a +1 short sword of flaming
Armour
 b - a +0 scale mail (worn)
 c - a +0 buckler (worn)
 e - a +1 helmet (worn)
 h - an orb of light
Jewellery
 m - a ring of fire
Scrolls
 i - 2 scrolls of magic mapping
 k - 2 scrolls of vulnerability {unknown}
 n - 4 scrolls of identify {unknown}
 r - a scroll of poison {unknown}
 s - a scroll of noise {unknown}
Potions
 d - a potion of might
 f - 2 potions of berserk rage {unknown}
 o - a potion of mutation {unknown}
 p - 2 potions of curing {unknown}
 q - a potion of lignification {unknown}
 t - a potion of resistance {unknown}


   Skills:
 * Level 3.3 Fighting
 - Level 2.3(2.7) Axes
 + Level 2.0(2.6) Maces & Flails
 + Level 3.8 Armour
 * Level 1.8 Dodging
 * Level 1.8 Stealth
 * Level 3.3 Shields
 * Level 0.3 Spellcasting


You had 4 spell levels left.
You didn't know any spells.
Your spell library contained the following spells:

 Spells                   Type           Power      Damage    Failure   Level
 Foxfire                  Conj/Fire      0%         2x1d4     83%         1
 Stone Arrow              Conj/Erth      0%         3d7       99%         3
 Animate Armour           Summ/Erth      0%         N/A       100%        4
 Petrify                  Tmut/Erth      0%         N/A       100%        4
 Fireball                 Conj/Fire      0%         3d3       100%        5
 Metabolic Englaciation   Hex/Ice        0%         N/A       100%        5
 Plasma Beam              Fire/Air       0%         2x1d11    100%        6
 Starburst                Conj/Fire      0%         6d3       100%        6
 Statue Form              Tmut/Erth      0%         N/A       100%        6
 Lehudib's Crystal Spear  Conj/Erth      0%         10d2      100%        8


Dungeon Overview and Level Annotations

Branches:
Dungeon (5/15)             Temple (0/1) D:4

Altars:
Gozag

Shops:
D:2 [


Message History

The phantom hits you but does no damage.
The phantom attacks as you move away! The phantom hits you.
You feel sick. The scorpion barely misses you.
The adder bites you but does no damage.
The sleepcap releases spores at you but does no damage.
You barely miss the scorpion.
You feel sick.
The scorpion stings you but does no damage.
The adder bites you but does no damage. You block the adder's attack.
The phantom hits you.
* * * LOW HITPOINT WARNING * * *
The phantom blinks!
You blink.
Found an escape hatch in the ceiling.
The phantom hits you but does no damage.
You feel very mighty all of a sudden.
You feel sick.
The phantom hits you but does no damage.
You barely miss the phantom.
You feel sick. You block the scorpion's attack. The phantom barely misses you.
The sleepcap closely misses you. The scorpion closely misses you.
You closely miss the phantom.
You feel sick.
You are no longer poisoned.
The adder bites you.
* * * LOW HITPOINT WARNING * * *
The phantom hits you but does no damage.
The sleepcap releases spores at you but does no damage.
The scorpion closely misses you. The adder closely misses you.
The phantom hits you but does no damage.
The sleepcap releases spores at you but does no damage.
The scorpion stings you but does no damage.
The adder bites you.
* * * LOW HITPOINT WARNING * * *
You are poisoned.
The adder poisons you!
You completely miss the phantom.
* * * LOW HITPOINT WARNING * * *
You feel sick. The scorpion stings you.
* * * LOW HITPOINT WARNING * * *
You are more poisoned.
The scorpion poisons you! You block the adder's attack.
The phantom hits you but does no damage.
The sleepcap releases spores at you.
You die...

#
####.###########
#.<....WS......##
#...@s.......##
#.!...f........#
#.........?....#
#..............#
#........<.....#
#$.............#
##............##
##.........<##
#####..#####


You could see a phantom, a sleepcap, a scorpion and an adder.

Vanquished Creatures
  A jelly (D:4)
  4 adders
  2 ufetubi (D:4)
  3 worms
  2 dart slugs
  3 orcs (D:3)
  10 ball pythons
  4 bats
  4 endoplasms
  5 giant cockroaches
  7 hobgoblins
  2 jackals (D:3)
  9 kobolds
  2 quokkas
  7 frilled lizards
  6 goblins
  7 rats
  2 bushes (D:1)
80 creatures vanquished.

Vanquished Creatures (others)
  A plant (D:1)
1 creature vanquished.

Grand Total: 81 creatures vanquished

Notes
Turn   | Place    | Note
-------+----------+-------------------------------------------
     0 | D:1      | Kuronicle the Human Fighter began the quest for the Orb.
     0 | D:1      | Reached XP level 1. HP: 18/18 MP: 1/1
    64 | D:1      | Reached XP level 2. HP: 8/24 MP: 2/2
   254 | D:1      | Reached XP level 3. HP: 24/29 MP: 3/3
   935 | D:2      | Reached skill level 1 in Dodging
   953 | D:2      | You fall into a shaft and drop 2 floors!
   983 | D:4      | Identified the +1 mace "Diaprer" {freeze, rF- Dex+4}
  1009 | D:4      | Found an opulent altar of Gozag.
  1066 | D:4      | Reached skill level 1 in Stealth
  1066 | D:4      | Reached XP level 4. HP: 15/35 MP: 4/4
  1274 | D:3      | Found a faded altar of an unknown god.
  1587 | D:3      | Reached skill level 1 in Maces & Flails
  1867 | D:2      | Reached XP level 5. HP: 32/41 MP: 5/5
  2270 | D:2      | Found Agats's Armour Shoppe.
  2281 | D:2      | Upgraded the game from 0.31-a0-7-g51783674b7 to
                  | 0.31-a0-8-gd14b0f4ee2
  2674 | D:4      | Found a staircase to the Ecumenical Temple.
  3092 | D:5      | Entered Level 5 of the Dungeon
  3092 | D:5      | Noticed a phantom
  3103 | D:5      | HP: 2/41 [poisoned by an adder]
  3103 | D:5      | Slain by a sleepcap

Illustrated notes

Levels and vault maps discovered:
D:1:      dpeg_arrival_rooms_a, layout_rooms, serial_forest,
          infiniplex_forest_clump_curved, infiniplex_forest_lined_ring,
          infiniplex_forest_straight_2, infiniplex_forest_clump_tiny,
          infiniplex_forest_lined_2, infiniplex_forest_end_2,
          infiniplex_forest_side_room, minmay_misc_feat_doors
D:2:      layout_basic, serial_shops, shop, minmay_cut_off
D:3:      layout_basic, chequers_ecumenical_altar_simple
D:4:      layout_rooms, nicolae_gozag_cash_rules_everything_around_me,
          minmay_temple_entry_glassed_door
D:5:      layout_rooms, grunt_temple_overflow_growth_and_decay, slow_altar_1,
          uniq_edmund

Skill      XL: |  1  2  3  4  5 |
---------------+----------------+-----
Dodging        | 1 |  1.8
Stealth        | 1 |  1.8
Maces & Flails | 1 2 |  2.0
Fighting       | |  3.3
Axes           | |  2.3
Armour         | |  3.8
Shields        | |  3.3
Spellcasting   | |  0.3

Action                     |  1- 3 |  4- 6 || total
---------------------------+-------+-------++-------
  Melee: War axe           |    41 |       ||    41
         Mace              |   110 |   112 ||   222
    Use: Scroll            |       |     3 ||     3
         Potion            |       |     1 ||     1
 Armour: Scale mail        |    46 |   122 ||   168
  Dodge: Dodged            |    47 |   136 ||   183
  Block: Buckler           |    10 |    52 ||    62

Table legend: (Time is in decaauts)
 A = Elapsed time spent in this place.
 B = Non-inter-level travel time spent in this place.
 C = Inter-level travel time spent in this place.
 D = Time resting spent in this place.
 E = Time spent auto-exploring this place.
 F = Levels seen in this place.
 G = Mean time per level.
                   A        B        C        D        E       F      G
               +--------+--------+--------+--------+--------+-----+--------+
         Total |   3341 |   3124 |    217 |      0 |   1885 |   5 |  668.2 |
       Dungeon |   3341 |   3124 |    217 |      0 |   1885 |   5 |  668.2 |
               +--------+--------+--------+--------+--------+-----+--------+

Top non-repeatable levels by time:
     D:1: 1016 daAuts
     D:3: 891 daAuts
     D:2: 768 daAuts
     D:4: 650 daAuts
     D:5: 15 daAuts
